 Dungeon Crawl Stone Soup version 0.30.0-10-gfe55d96785 (webtiles) character file.

Game seed: 1740647223951838389

233 RascalDebosk the Magician (level 6, 0/43 HPs)
             Began as a Djinni Fire Elementalist on May 14, 2023.
             Slain by a scorpion (2 damage)
             ... on level 4 of the Dungeon.
             The game lasted 00:15:48 (2609 turns).

RascalDebosk the Magician (DjFE)                    Turns: 2609, Time: 00:15:49

Health: 0/43       AC:  3    Str:  7    XL:     6   Next: 25%
Gold:   90         EV: 12    Int: 18    God:
                   SH:  0    Dex: 19

rFire   + + .        s - +12 dagger of Eternal Harmony {heavy, rN+ Dex+5}
rCold   x . .        (no shield)
rNeg    + . .        a - +0 robe
rPois   ∞            (no helmet)
rElec   .            (no cloak)
rCorr   .            b - +0 pair of gloves
SInv    +            (boots unavailable)
Will    .....        (no amulet)
Stlth   ++           m - ring of see invisible
HPRegen 0.27/turn    (no ring)
MPRegen 0.00/turn

%: infuse magic (-1 HP)
@: flying
A: sickness immunity, fire resistance 2, cold vulnerability 1, float, innate
caster, HP casting, extra vitality 1
a: no special abilities


You were on level 4 of the Dungeon.
You visited 1 branch of the dungeon, and saw 4 of its levels.

You collected 90 gold pieces.

Inventory:

Hand Weapons
 j - a +0 rapier
 s - the +12 dagger of Eternal Harmony (weapon) {heavy, rN+ Dex+5}
   (You took it off a kobold on level 3 of the Dungeon)

   Dex:       It affects your dexterity (+5).
   rN:        It protects you from negative energy.
Armour
 a - a +0 robe (worn)
 b - a +0 pair of gloves (worn)
Jewellery
 m - a ring of see invisible (left hand)
Scrolls
 c - a scroll of magic mapping {unknown}
 d - 4 scrolls of identify {unknown}
 h - 3 scrolls of teleportation {unknown}
 i - a scroll of blinking {unknown}
 k - a scroll of vulnerability {unknown}
 p - a scroll of immolation {unknown}
Potions
 e - a potion of flight {unknown}
 f - 2 potions of might {unknown}
 g - a potion of cancellation {unknown}
 l - 3 potions of heal wounds {unknown}
 n - a potion of lignification {unknown}
 o - a potion of degeneration {unknown}
 q - 2 potions of curing {unknown}
 r - a potion of magic {unknown}


   Skills:
 * Level 2.0 Fighting
 + Level 1.1 Short Blades
 - Level 2.1 Dodging
 + Level 2.1 Stealth
 * Level 4.3 Spellcasting


You knew the following spells:

 Your Spells              Type           Power      Damage    Failure   Level
a - Foxfire               Conj/Fire      76%        2x1d7     2%          1
b - Scorch                Fire           38%        2d7       3%          2
c - Volatile Blastmotes   Fire/Tloc      38%        2d13      7%          3
d - Inner Flame           Hex/Fire       19%        N/A       7%          3
e - Flame Wave            Conj/Fire      19%        2d7       24%         4
f - Freeze                Ice            76%        1d8       2%          1
g - Momentum Strike       Conj/Tloc      38%        3d9       3%          2
Your spell library was empty.

Dungeon Overview and Level Annotations

Branches:
Dungeon (4/15)
 Temple: D:4-7

Altars:


Innate Abilities, Weirdness & Mutations

You are immune to sickness and miasma.
You are immune to poison.
Your flesh is very heat resistant. (rF++)
You are vulnerable to cold. (rC-)
You float through the air rather than walking.
You learn spells naturally, not from books.
Your magical power is your life essence.
You have superior vitality. (+4 MHP)


Message History

You now have 90 gold pieces (gained 3).
A scorpion comes into view.
Casting: Foxfire (safe; 2% risk of failure)
Confirm with . or Enter, or press ? or * to list all spells.
You conjure some foxfire!
Casting: Foxfire (safe; 2% risk of failure)
Confirm with . or Enter, or press ? or * to list all spells.
You conjure some foxfire!
Your foxfire dissipates!
The teleport trap disappears.
The scorpion disappears!
Your foxfire dissipates!
HP restored.
Your foxfire dissipates!
A worm comes into view.
A worm is nearby!
Casting: Foxfire (safe; 2% risk of failure)
Confirm with . or Enter, or press ? or * to list all spells.
You conjure some foxfire!
The foxfire hits the worm.
The worm is moderately wounded.
The foxfire hits the worm.
The worm is heavily wounded.
You hit the worm.
The worm is heavily wounded.
The worm misses you.
You puncture the worm!
You kill the worm!
You see here a worm corpse.
A black bear comes into view.
Found a ring mail.
The black bear growls angrily.
You hear a shout!
You hear an angry hiss.
A hobgoblin comes into view.
Casting: Foxfire (safe; 2% risk of failure)
Confirm with . or Enter, or press ? or * to list all spells.
Flames lash the black bear.
The black bear is moderately wounded.
The black bear's fire resistance burns away.
You hear a shout!
The black bear bites you! The black bear claws you.
The black bear barely misses you.
Casting: Scorch (safe; 4% risk of failure)
Confirm with . or Enter, or press ? or * to list all spells.
Flames lash the black bear.
The black bear is burned terribly!
The black bear is heavily wounded.
The black bear closely misses you. The black bear barely misses you.
The black bear closely misses you.
Casting: Scorch (safe; 4% risk of failure)
Confirm with . or Enter, or press ? or * to list all spells.
Flames lash the black bear.
The black bear is burned terribly!
You kill the black bear!
Your Fighting skill increases to level 1!
Your Stealth skill increases to level 2!
You have reached level 6!
Casting: Scorch (safe; 3% risk of failure)
Confirm with . or Enter, or press ? or * to list all spells.
You conjure some foxfire!
Casting: Foxfire (safe; 2% risk of failure)
Confirm with . or Enter, or press ? or * to list all spells.
Flames lash the hobgoblin.
You kill the hobgoblin!
An orc comes into view. It is wielding a +0 club.
Your Short Blades skill increases to level 1!
An iguana comes into view.
Casting: Scorch (safe; 3% risk of failure)
Confirm with . or Enter, or press ? or * to list all spells.
Flames lash the orc.
The orc is almost dead.
The orc's fire resistance burns away.
* * * LOW HITPOINT WARNING * * *
Casting: Scorch (safe; 3% risk of failure)
Confirm with . or Enter, or press ? or * to list all spells.
Flames lash the orc.
The orc is burned terribly!
You kill the orc!
* * * LOW HITPOINT WARNING * * *
The iguana bites you.
* * * LOW HITPOINT WARNING * * *
Unknown command.
You puncture the iguana!
The iguana is heavily wounded.
The iguana bites you!
* * * LOW HITPOINT WARNING * * *
Casting: Scorch (safe; 3% risk of failure)
Confirm with . or Enter, or press ? or * to list all spells.
Flames lash the iguana.
The iguana is severely wounded.
The iguana's fire resistance burns away.
* * * LOW HITPOINT WARNING * * *
The iguana closely misses you.
You puncture the iguana!
You kill the iguana!
A goblin comes into view. It is wielding a +0 dagger.
Your Fighting skill increases to level 2!
You miss the goblin. The goblin hits you but does no damage.
The goblin hits you with a +0 dagger.
* * * LOW HITPOINT WARNING * * *
You puncture the goblin!
You kill the goblin!
The scorpion attacks as you move away! The scorpion barely misses you.
Found a dagger.
The scorpion stings you.
You die...

... ...##.#.#
#.#.# #.#
#....#.# #.#.#
#.. #...#.#
#.#.# #.# #..#.#
#.#§# #)#
#...#####.#.#
#)###†.........#
#.#.#.###...###
##s.#.# #.###
#..@#.. #.#
#.###...##.# ...
...##<# ###
#..###)# ##.#
#.# .# #.# .#
#.# .) ..# ###


You could see a scorpion.

Vanquished Creatures
  A black bear (D:4)
  An iguana (D:4)
  2 adders (D:2)
  4 worms
  6 dart slugs
  An orc (D:4)
  4 ball pythons
  10 bats
  6 endoplasms
  2 giant cockroaches
  5 goblins
  6 hobgoblins
  3 jackals (D:2)
  7 kobolds
  3 quokkas (D:1)
  2 frilled lizards
  10 rats
73 creatures vanquished.

Vanquished Creatures (others)
  282 foxfires
282 creatures vanquished.

Grand Total: 355 creatures vanquished

Notes
Turn   | Place    | Note
-------+----------+-------------------------------------------
     0 | D:1      | RascalDebosk the Djinni Fire Elementalist began the quest
                  | for the Orb.
     0 | D:1      | RascalDebosk set off with the following spells memorised:
                  | Foxfire, Scorch, Volatile Blastmotes, Inner Flame, Flame
                  | Wave.
     0 | D:1      | Reached XP level 1. HP: 15/15 MP: 0/0
    68 | D:1      | Reached XP level 2. HP: 19/21 MP: 0/0
   182 | D:1      | Reached skill level 3 in Spellcasting
   281 | D:1      | Reached XP level 3. HP: 23/25 MP: 0/0
   281 | D:1      | Learned a level 1 spell: Freeze
  1159 | D:2      | Reached XP level 4. HP: 27/31 MP: 0/0
  1402 | D:2      | Reached skill level 4 in Spellcasting
  1961 | D:3      | Identified the +12 dagger of Eternal Harmony {heavy, rN+
                  | Dex+5}
  2185 | D:3      | Reached XP level 5. HP: 33/35 MP: 0/0
  2185 | D:3      | Learned a level 2 spell: Momentum Strike
  2593 | D:4      | Noticed a black bear
  2598 | D:4      | Killed a black bear
  2599 | D:4      | Reached skill level 1 in Fighting
  2599 | D:4      | Reached XP level 6. HP: 25/43 MP: 0/0
  2601 | D:4      | Reached skill level 1 in Short Blades
  2606 | D:4      | HP: 2/43 [goblin/+0 dagger (1)]
  2609 | D:4      | Slain by a scorpion

Illustrated notes

Levels and vault maps discovered:
D:1:      minmay_arrival_semitransparent, layout_rooms
D:2:      layout_loops_corners, serial_rivers, chequers_serial_rivers_room_b,
          chequers_serial_rivers_micro_d, chequers_serial_rivers_small_a,
          chequers_serial_rivers_micro_a, chequers_serial_rivers_room_a
D:3:      layout_loops_cross, minmay_misc_feat_encased
D:4:      layout_loops_ring, grunt_decor_mini_mirrors,
          nicolae_concentric_dashed_squares_wild, minmay_manual_mail

Skill      XL: |  1  2  3  4  5  6 |
---------------+-------------------+-----
Spellcasting   | 3 4 |  4.3
Fighting       | 1 2 |  2.0
Stealth        | 2 |  2.1
Short Blades   | 1 |  1.1
Dodging        | |  2.1

Action                     |  1- 3 |  4- 6 || total
---------------------------+-------+-------++-------
  Melee: Rapier            |     7 |     1 ||     8
         Dagger            |       |    11 ||    11
   Cast: Foxfire           |   121 |    51 ||   172
         Scorch            |     8 |    12 ||    20
 Armour: Robe              |     7 |     2 ||     9
  Dodge: Dodged            |    10 |    11 ||    21
